 Dungeon Crawl Stone Soup version 0.18-a0-1024-gf1736fb (webtiles) character file.

15378 George the Carver (level 12, -1/105 HPs)
             Began as a Minotaur Fighter on Jan 7, 2016.
             Was a Priest of the Shining One.
             Killed from afar by a frost giant (19 damage)
             ... with a bolt of cold
             ... in an ice cave.
             The game lasted 00:18:04 (8463 turns).

George the Carver (Minotaur Fighter)                Turns: 8463, Time: 00:18:04

Health: -1/105     AC: 22    Str: 30    XL:     12   Next: 0%
Magic:  16/16      EV: 10    Int:  4    God:    the Shining One [***...]
Gold:   536        SH: 15    Dex: 11    Spells: 1 memorised, 9 levels left

rFire  + . .     SeeInvis +     a - +1 long sword
rCold  . . .     Gourm    .     Q - +0 plate armour
rNeg   + . .     Faith    .     c - +1 shield
rPois  +         Spirit   .     (helmet restricted)
rElec  .         Dismiss  .     T - +2 cloak of Wilejarch {*Contam rF+ Str+2 SInv}
rCorr  +         Reflect  .     X - +1 pair of gloves of the Wasteland {rPois Str+4 Int-2 Slay+6}
SustAt .         Harm     .     (no boots)
MR     .....                    z - amulet of regeneration
Stlth  ..........               N - +4 ring of slaying
                                U - ring of resist corrosion

@: glowing, not resistant to hostile enchantments, extremely unstealthy
A: retaliatory headbutt, horns 2, large bone plates 1, poison resistance
a: Divine Shield, Renounce Religion


You were in an ice cave.
You worshipped the Shining One.
The Shining One was most pleased with you.
You were not hungry.

You visited 2 branches of the dungeon, and saw 12 of its levels.
You also visited: Ossuary and Ice Cave.

You collected 536 gold pieces.

Inventory:

Hand Weapons
 a - a +1 long sword (weapon)
Missiles
 W - 7 javelins of returning (quivered)
Armour
 c - a +1 shield (worn)
 Q - a +0 plate armour (worn)
 T - the +2 cloak of Wilejarch (worn) {*Contam rF+ Str+2 SInv}
   (You found it on level 6 of the Dungeon)

   It affects your strength (+2).
   It protects you from fire.
   It lets you see invisible.
   It causes magical contamination when unequipped.
 X - the +1 pair of gloves of the Wasteland (worn) {rPois Str+4 Int-2 Slay+6}
   (You found it on level 8 of the Dungeon)

   It affects your strength (+4).
   It affects your intelligence (-2).
   It affects your accuracy and damage with ranged weapons and melee attacks
   (+6).
   It protects you from poison.
Jewellery
 z - an amulet of regeneration (around neck)
 N - a +4 ring of slaying (right hand)
 U - a ring of resist corrosion (left hand)
Wands
 q - a wand of magic darts (13/48)
 x - a wand of lightning (4/15)
 B - a wand of cold (15/15)
 D - a wand of cold (9/15)
 O - a wand of lightning (7/15)
 P - a wand of frost (26/48)
 Y - a wand of frost (31/48)
Scrolls
 u - a scroll of fog
 v - a scroll of vulnerability {unknown}
 y - a scroll of enchant armour
 F - 3 scrolls of teleportation
 I - 6 scrolls of remove curse
 J - 2 scrolls of recharging
 M - a scroll of fear
 S - a scroll of blinking
 Z - 3 scrolls of enchant weapon
Potions
 d - 8 potions of might
 g - 4 potions of curing
 k - a potion of magic
 r - 2 potions of cure mutation
 w - a potion of ambrosia
 A - 3 potions of heal wounds
 E - 3 potions of mutation
 G - a potion of cancellation
 H - a potion of haste {unknown}
 K - a potion of berserk rage {unknown}
 R - 3 potions of flight {unknown}
 V - a potion of resistance {unknown}
Comestibles
 f - 13 bread rations
 s - 3 meat rations
 t - 10 fruits
 C - a royal jelly
 L - 2 slices of pizza


   Skills:
 + Level 9.6 Fighting
 + Level 13.1 Long Blades
 + Level 9.5 Armour
 + Level 8.0 Dodging
 + Level 9.2 Shields
 + Level 7.0 Invocations


You had 9 spell levels left.
You knew the following spells:

 Your Spells              Type           Power        Failure   Level  Hunger
a - Blink                 Tloc           N/A          100%        2    ###....


Dungeon Overview and Level Annotations

Branches:
Dungeon (11/15)            Temple (1/1) D:5            Lair (0/8) D:10
    Orc (0/2) D:10

Altars:
Ashenzari
Cheibriados
Dithmenos
Elyvilon
Fedhas
Gozag
Kikubaaqudgha
Makhleb
Nemelex Xobeh
Okawaru
Pakellas
Qazlal
Ru
Sif Muna
Trog
Vehumet
Xom
Yredelemnul
Zin
The Shining One


Innate Abilities, Weirdness & Mutations

You reflexively headbutt those who attack you in melee.
You have a pair of horns on your head.
You are partially covered in large bone plates (AC +2, SH +2).
Your system is resistant to poisons.


Message History

You slash the frost giant! You headbutt the frost giant!!
The frost giant is severely wounded.
The polar bear bites you!
* * * LOW HITPOINT WARNING * * *
You block the polar bear's attack. The polar bear completely misses you.
You slash the frost giant!
The frost giant is severely wounded.
The frost giant gestures at you while chanting.
The bolt of cold hits you! The Shining One protects you from harm!
You block the polar bear's attack.
The polar bear claws you but does no damage. x2
You slice the frost giant!!
The frost giant is almost dead.
You hit the frost giant but do no damage.
You headbutt the frost giant, but do no damage.
The frost giant is almost dead.
The frost giant points at you and mumbles some strange words.
The bolt of cold hits you!
You die...

##########
#######...##.@C#
#..#...##...##hYh#
### #..########
#h...# ≈.#####..#
#..... #≈..##..##
#.... ≈##...###
..## ≈≈##### ##
≈#≈≈# ≈≈≈≈≈≈


You could see a frost giant, 3 polar bears and a yak.

Vanquished Creatures
  The ghost of suvakkihuora the Severer, a journeyman HOFi of Beogh (IceCv)
  Erolcha (D:9)
  A death yak (IceCv)
  A hill giant (D:10)
  The ghost of Ijustatesigmund the Unweaver, a novice DsAK of Lugonu (D:8)
  The ghost of JokEr the Scratcher, a novice FeTm (D:9)
  A gargoyle (D:11)
  A troll (D:10)
  13 polar bears (IceCv)
  A two-headed ogre (D:10)
  A spriggan (D:7)
  13 yaks
  A wraith (D:10)
  11 wolves (IceCv)
  2 orc warriors
  10 ice beasts
  3 black bears
  2 sky beasts
  An eye of draining (D:9)
  2 ogres
  2 centaurs
  A big kobold (D:9)
  4 crocodiles (D:10)
  Blork the orc (D:5)
  4 giant frogs
  2 scorpions
  5 killer bees (D:8)
  2 vampire bats (D:3)
  3 wights (D:9)
  2 centaur zombies (Ossuary)
  4 crimson imps
  2 jellies
  4 hounds
  4 orc priests
  2 centaur skeletons
  Crazy Yiuf (D:2)
  Jessica (D:2)
  3 iguanas
  7 orc wizards
  10 worker ants
  A big kobold zombie (Ossuary)
  A hound skeleton (D:8)
  5 mummies
  A worker ant zombie (D:9)
  2 river rats (D:10)
  8 adders
  A shadow imp (D:8)
  An adder skeleton (D:7)
  An adder zombie (D:7)
  3 worms
  3 giant geckos
  19 orcs
  19 bats
  2 bat skeletons (D:3)
  4 bat zombies (D:3)
  8 giant cockroaches
  3 goblins
  3 hobgoblins (D:1)
  13 jackals
  9 kobolds
  9 quokkas
  A ball python (D:4)
  A giant gecko skeleton (D:7)
  5 giant newts
  5 hobgoblin zombies (Ossuary)
  15 rats
  A fungus (D:2)
276 creatures vanquished.

Vanquished Creatures (others)
  A polar bear (IceCv)
  A fungus (D:10)
2 creatures vanquished.

Grand Total: 278 creatures vanquished

Notes
Turn   | Place    | Note
--------------------------------------------------------------
     0 | D:1      | George the Minotaur Fighter began the quest for the Orb.
     0 | D:1      | Reached XP level 1. HP: 19/19 MP: 0/0
   146 | D:1      | Reached XP level 2. HP: 21/26 MP: 1/1
   490 | D:2      | Reached skill level 4 in Long Blades
   490 | D:2      | Reached XP level 3. HP: 29/31 MP: 2/2
   895 | D:2      | Noticed Jessica
   900 | D:2      | Killed Jessica
   900 | D:2      | Reached skill level 5 in Long Blades
   900 | D:2      | Reached XP level 4. HP: 39/39 MP: 3/3
  1265 | D:2      | Noticed Crazy Yiuf
  1270 | D:2      | Killed Crazy Yiuf
  1338 | D:3      | Reached skill level 6 in Long Blades
  1340 | D:3      | Reached XP level 5. HP: 34/45 MP: 4/4
  1643 | D:3      | Found an ancient bone altar of Kikubaaqudgha.
  1647 | D:3      | Reached skill level 7 in Long Blades
  2029 | D:4      | Reached XP level 6. HP: 48/51 MP: 5/5
  2226 | D:4      | Reached skill level 8 in Long Blades
  2568 | D:4      | Reached skill level 9 in Long Blades
  2630 | D:5      | Entered Level 5 of the Dungeon
  2651 | D:5      | Noticed Blork the orc
  2656 | D:5      | Reached XP level 7. HP: 32/57 MP: 6/6
  2663 | D:5      | Found a sand-covered staircase.
  2692 | Ossuary  | Entered an ossuary
  3144 | D:5      | Reached skill level 10 in Long Blades
  3265 | D:5      | Learned a level 2 spell: Blink
  3400 | D:5      | Found a staircase to the Ecumenical Temple.
  3409 | Temple   | Entered the Ecumenical Temple
  3465 | Temple   | Became a worshipper of the Shining One
  3592 | D:5      | Was placed under penance by the Shining One
  3610 | D:5      | Killed Blork the orc
  3610 | D:5      | Fell from the grace of the Shining One
  3670 | Temple   | Became a worshipper of the Shining One
  3887 | D:5      | Reached skill level 1 in Invocations
  3958 | D:5      | Reached skill level 1 in Dodging
  3958 | D:5      | Reached XP level 8. HP: 51/66 MP: 7/7
  4527 | D:6      | Found a deep blue altar of Sif Muna.
  4541 | D:6      | Found a stormy altar of Qazlal.
  4550 | D:6      | Found a burning altar of Makhleb.
  4553 | D:6      | Found an iron altar of Okawaru.
  4767 | D:6      | Got an encrusted cloak
  4778 | D:6      | Identified the +2 cloak of Wilejarch {*Contam rF+ Str+2 SInv} (You found it on level 6 of the Dungeon)
  5011 | D:7      | Reached skill level 5 in Fighting
  5011 | D:7      | Reached skill level 11 in Long Blades
  5125 | D:7      | Reached skill level 5 in Armour
  5125 | D:7      | Reached skill level 5 in Shields
  5279 | D:7      | Reached * piety under the Shining One
  5382 | D:8      | Noticed Ijustatesigmund's ghost (novice DsAK)
  5450 | D:7      | Reached XP level 9. HP: 67/74 MP: 10/10
  5487 | D:8      | Killed Ijustatesigmund's ghost
  5577 | D:8      | Got a pair of ichor-stained gloves
  5583 | D:8      | Identified the +1 pair of gloves of the Wasteland {rPois Str+4 Int-2 Slay+6} (You found it on level 8 of the Dungeon)
  5842 | D:8      | Found a basalt altar of Yredelemnul.
  5842 | D:8      | Found a shattered altar of Ashenzari.
  5843 | D:8      | Found a blossoming altar of Fedhas.
  6339 | D:9      | Noticed Erolcha
  6344 | D:9      | Killed Erolcha
  6344 | D:9      | Reached skill level 5 in Dodging
  6344 | D:9      | Reached XP level 10. HP: 77/84 MP: 12/12
  6456 | D:9      | Gained mutation: Your system is resistant to poisons. [potion of beneficial mutation]
  6458 | D:9      | Noticed JokEr's ghost (novice FeTm)
  6469 | D:9      | Killed JokEr's ghost
  6478 | D:9      | Gained mutation: You are partially covered in large bone plates (AC +2, SH +2). [potion of beneficial mutation]
  6879 | D:9      | Reached ** piety under the Shining One
  6982 | D:10     | Entered Level 10 of the Dungeon
  7001 | D:10     | Found a staircase to the Orcish Mines.
  7030 | D:10     | Noticed a hill giant
  7037 | D:10     | Killed a hill giant
  7037 | D:10     | Reached skill level 5 in Invocations
  7165 | D:10     | Reached skill level 12 in Long Blades
  7311 | D:10     | Found a staircase to the Lair.
  7542 | D:10     | Found a radiant altar of Vehumet.
  7762 | D:11     | Found a frozen archway.
  7766 | D:11     | Noticed a gargoyle
  7779 | D:11     | Killed a gargoyle
  7788 | D:11     | Reached XP level 11. HP: 7/94 MP: 14/14
  7904 | IceCv    | Entered an ice cave
  8100 | IceCv    | Reached *** piety under the Shining One
  8268 | IceCv    | Reached skill level 13 in Long Blades
  8309 | IceCv    | Noticed suvakkihuora's ghost (journeyman HOFi)
  8339 | IceCv    | Killed suvakkihuora's ghost
  8430 | IceCv    | Noticed a death yak
  8430 | IceCv    | Noticed a frost giant
  8444 | IceCv    | Killed a death yak
  8451 | IceCv    | Reached XP level 12. HP: 105/105 MP: 16/16
  8461 | IceCv    | The Shining One protects you from harm!
  8463 | IceCv    | Killed from afar by a frost giant

Vault maps used:
D:1:      eino_arrival_water_star
D:2:      first_bread, uniq_crazy_yiuf_cottage, uniq_jessica
D:3:      kennysheep_vampire_church, guppyfry_early_lair_pool
D:5:      lemuel_temple_firewalk, gup_ossuary_entry_pyramid, uniq_blork_the_orc
D:6:      grunt_temple_overflow_cloverleaf
D:7:      the_bakery
D:8:      gammafunk_temple_overflow_forgotten, hangedman_decor_riveting,
          st_stairs_7
D:9:      kennysheep_spiral_hall, uniq_erolcha
D:10:     grunt_lair_entry_orc_guard_hut, orc_0_dummy, basic_altar
D:11:     portal_ice_cave_entry_ice_beasts
Temple:   water_room_temple_b_12
Ossuary:  ossuary_the_hunt_dpeg
IceCv:    ice_cave_caverns_03

Action                   |  1- 3 |  4- 6 |  7- 9 | 10-12 || total
-------------------------+-------+-------+-------+-------++-------
Melee: Long sword        |    66 |   166 |   229 |   319 ||   780
  Use: Scroll            |       |     9 |     7 |     7 ||    23
       Potion            |       |       |       |     2 ||     2
  Eat: Chunk             |     9 |     6 |    15 |       ||    30
